 Dungeon Crawl Stone Soup version 0.30-a0-190-g22c9a3c0ff (webtiles) character file.

Game seed: 2838267471574303584

337 ICC the Magician (level 6, 0/28 HPs)
             Began as a Vine Stalker Conjurer on Oct 4, 2022.
             Succumbed to a scorpion's poison
             ... on level 5 of the Dungeon.
             The game lasted 00:19:03 (3534 turns).

ICC the Magician (Vine Stalker Conjurer)            Turns: 3534, Time: 00:19:04

Health: 0/28       AC:  2    Str:  9    XL:     6   Next: 54%
Magic:  9/13       EV: 12    Int: 20    God:
Gold:   157        SH:  0    Dex: 13    Spells: 3/13 levels left

rFire   . . .      SeeInvis .    a - +2 short sword (elec)
rCold   . . .      Faith    +    (no shield)
rNeg    . . .      Spirit   +    e - +0 robe
rPois   .          Reflect  .    (no helmet)
rElec   .          Harm     .    (no cloak)
rCorr   .          Rampage  .    (no gloves)
Will    .....                    (no boots)
Stlth   ++........               D - amulet of faith
HPRegen 1.04/turn                (no ring)
MPRegen 0.13/turn                (no ring)

@: lethally poisoned (0 -> -3)
A: fangs 2, regeneration 1, magic shield, antimagic bite, no potion heal 2
a: no special abilities


You were on level 5 of the Dungeon.
You visited 1 branch of the dungeon, and saw 5 of its levels.

You collected 157 gold pieces.

Inventory:

Hand Weapons
 a - a +2 short sword of electrocution (weapon)
 w - the +9 mace of the Thieving Seer {flame, rElec}
   (You found it on level 4 of the Dungeon)

   It burns those it strikes, dealing additional fire damage.
   rElec:     It insulates you from electricity.
 B - a +2 short sword of venom
Missiles
 z - a throwing net
Armour
 c - a +0 ring mail of poison resistance
 e - a +0 robe (worn)
 i - an orb of light
 o - the +5 kite shield of Snakes and Ladders {Drain rElec Dex+7 Stlth+}
   (You found it on level 3 of the Dungeon)

   Dex:       It affects your dexterity (+7).
   rElec:     It insulates you from electricity.
   Drain:     It drains your maximum health when unequipped.
   Stlth:     It makes you more stealthy.
Jewellery
 A - a ring of ice
 D - an amulet of faith (around neck)
Scrolls
 d - a scroll of enchant weapon {unknown}
 f - 2 scrolls of poison {unknown}
 g - 2 scrolls of amnesia {unknown}
 h - a scroll of magic mapping {unknown}
 k - 4 scrolls of identify {unknown}
 l - 2 scrolls of teleportation {unknown}
 p - a scroll of brand weapon {unknown}
 q - 2 scrolls of enchant armour {unknown}
 s - a scroll of summoning {unknown}
 u - a scroll of immolation {unknown}
 y - a scroll of noise {unknown}
 C - a scroll of blinking {unknown}
Potions
 b - a potion of magic
 j - 4 potions of curing {unknown}
 m - a potion of brilliance {unknown}
 n - a potion of attraction {unknown}
 r - a potion of heal wounds {unknown}
 t - a potion of might {unknown}
 v - a potion of cancellation {unknown}
 x - 3 potions of lignification {unknown}


   Skills:
 - Level 2.0 Dodging
 - Level 3.0 Stealth
 + Level 4.3 Spellcasting
 + Level 4.3 Conjurations
 + Level 4.3 Hexes


You had 3 spell levels left.
You knew the following spells:

 Your Spells              Type           Power      Damage    Failure   Level
a - Magic Dart            Conj           84%        1d7       2%          1
b - Searing Ray           Conj           42%        2d6       3%          2
c - Dazzling Flash        Conj/Hex       42%        N/A       6%          3
d - Fulminant Prism       Conj/Hex       10%        3d9       22%         4

Your spell library contained the following spells:

 Spells                   Type           Power      Damage    Failure   Level
 Shock                    Conj/Air       48%        1d6       5%          1
 Summon Guardian Golem    Hex/Summ       12%        N/A       16%         3
 Swiftness                Air            4%         N/A       36%         3
 Iskenderun's Mystic Bla  Conj/Tloc      12%        2d5       45%         4
 Airstrike                Air            2%         2d(1-17)  77%         4
 Orb of Destruction       Conj           10%        9d6       100%        7
 Spellforged Servitor     Conj/Summ      6%         N/A       100%        7


Dungeon Overview and Level Annotations

Branches:
Dungeon (5/15) Zot: 26465
 Temple: D:4-7

Altars:
Fedhas
Gozag
Qazlal
Uskayaw
Zin


Innate Abilities, Weirdness & Mutations

You have extremely sharp teeth.
Your natural rate of healing is unusually fast.
When hurt, damage is shared between your health and your magic reserves.
Your bite disrupts and absorbs the magic of your enemies.
Potions cannot restore your health.


Message History

The scorpion stings you.
You barely miss the scorpion. You bite the scorpion. You drain its power.
You feel invigorated.
The scorpion is heavily wounded.
You feel very sick. The scorpion misses you.
You closely miss the scorpion.
The scorpion is heavily wounded.
You feel sick. The scorpion barely misses you.
You barely miss the scorpion.
You bite the scorpion, but do no damage.
The scorpion is heavily wounded.
You feel sick. The scorpion misses you.
You barely miss the scorpion.
The scorpion is heavily wounded.
You feel sick. The scorpion barely misses you. x2
You hit the scorpion but do no damage. You bite the scorpion.
You drain its power.
You feel invigorated.
The scorpion is severely wounded.
You feel sick. The scorpion closely misses you.
You barely miss the scorpion.
You bite the scorpion, but do no damage.
The scorpion is severely wounded.
You feel sick. The scorpion stings you.
* * * LOW HITPOINT WARNING * * *
You hit the scorpion but do no damage.
The scorpion is severely wounded.
You feel sick. The scorpion stings you.
* * * LOW HITPOINT WARNING * * *
You are lethally poisoned!
The scorpion poisons you!
You barely miss the scorpion. Your bite misses the scorpion.
The scorpion is severely wounded.
* * * LOW HITPOINT WARNING * * *
You feel sick.
The scorpion stings you but does no damage.
You hit the scorpion but do no damage.
Lightning courses through the scorpion!!
You kill the scorpion!
You die...

#.# ........#
#. #.#
.#####..# #.
# ##. ####..#
#. #. ...
..##..# ##.
... ##..
#.##..####.#
.... ...#
#.##.....)##
.....##..#
#.###.####.#
#...?....#
#.# #.# ##.
#@#####.###.#
##
#...........#
#######.#####
........#
#########


There were no monsters in sight!

Vanquished Creatures
  A scorpion (D:5)
  An orc priest (D:4)
  A gnoll bouda (D:5)
  2 hounds
  6 adders
  3 gnolls (D:5)
  A white imp (D:5)
  4 worms
  2 dart slugs
  9 orcs
  14 ball pythons
  10 endoplasms
  5 giant cockroaches
  8 goblins
  8 hobgoblins
  3 quokkas
  8 bats
  6 frilled lizards
  12 kobolds
  2 rats
106 creatures vanquished.

Vanquished Creatures (others)
  2 fulminant prisms
2 creatures vanquished.

Grand Total: 108 creatures vanquished

Notes
Turn   | Place    | Note
-------+----------+-------------------------------------------
     0 | D:1      | ICC the Vine Stalker Conjurer began the quest for the Orb.
     0 | D:1      | Reached XP level 1. HP: 9/9 MP: 4/4
    82 | D:1      | Reached XP level 2. HP: 9/13 MP: 3/6
   111 | D:1      | Learned a level 2 spell: Searing Ray
   304 | D:1      | Reached XP level 3. HP: 16/16 MP: 1/8
   638 | D:2      | Found a blossoming altar of Fedhas.
   792 | D:2      | Gained mutation: Your natural rate of healing is unusually
                  | fast. [Vine Stalker growth]
   792 | D:2      | Reached XP level 4. HP: 21/21 MP: 5/10
   797 | D:2      | Learned a level 3 spell: Dazzling Flash
   802 | D:2      | Learned a level 4 spell: Fulminant Prism
  1061 | D:2      | Found a faded altar of an unknown god.
  1128 | D:2      | Reached skill level 1 in Hexes
  2090 | D:3      | Identified the +5 kite shield of Snakes and Ladders {Drain
                  | rElec Dex+7 Stlth+}
  2208 | D:3      | Reached XP level 5. HP: 24/24 MP: 6/12
  2374 | D:3      | Found a hide-covered altar of Uskayaw.
  2730 | D:4      | Found a stormy altar of Qazlal.
  2894 | D:4      | Found a glowing silver altar of Zin.
  2894 | D:4      | Found an opulent altar of Gozag.
  3021 | D:4      | Identified the +9 mace of the Thieving Seer {flame, rElec}
  3037 | D:4      | Reached XP level 6. HP: 28/28 MP: 8/13
  3224 | D:5      | Entered Level 5 of the Dungeon
  3534 | D:5      | Succumbed to a scorpion's poison

Illustrated notes

Levels and vault maps discovered:
D:1:      mrwooster_arrival_arrow, layout_basic
D:2:      minmay_chambers_of_ones, layout_basic,
          shapermc_ecumenical_altar_mp_vishouse, basic_altar,
          minmay_shallow_snake_nest
D:3:      layout_basic, nicolae_uskayaw_suspiria
D:4:      kennysheep_spiral_hall, layout_rooms,
          grunt_temple_overflow_gold_and_silver,
          nicolae_qazlal_scattered_showers
D:5:      layout_loops_ring, minivault_24

Skill      XL: |  1  2  3  4  5 |
---------------+----------------+-----
Stealth        | 3 |  3.0
Dodging        | 2 |  2.0
Spellcasting   | 3 4 |  4.3
Hexes          | 2 4 |  4.3
Conjurations   | |  4.3

Action                   |  1- 3 |  4- 6 || total
-------------------------+-------+-------++-------
Melee: Whip              |    27 |       ||    27
       Bite              |    20 |    33 ||    53
       Dagger            |    74 |    60 ||   134
       Punch             |       |     3 ||     3
       Short sword       |       |    44 ||    44
Throw: Stone             |     6 |       ||     6
 Cast: Magic Dart        |    26 |    49 ||    75
       Searing Ray       |     1 |     4 ||     5
       Fulminant Prism   |       |     2 ||     2
 Stab: Sleeping          |     1 |     5 ||     6
Armor: Robe              |     5 |     6 ||    11
       Ring mail         |    29 |    16 ||    45
Dodge: Dodged            |    75 |    58 ||   133

Table legend: (Time is in decaauts)
 A = Elapsed time spent in this place.
 B = Non-inter-level travel time spent in this place.
 C = Inter-level travel time spent in this place.
 D = Time resting spent in this place.
 E = Time spent auto-exploring this place.
 F = Levels seen in this place.
 G = Mean time per level.
                   A        B        C        D        E       F      G
               +--------+--------+--------+--------+--------+-----+--------+
         Total |   3534 |   3400 |    134 |      0 |   2644 |   5 |  706.8 |
       Dungeon |   3534 |   3400 |    134 |      0 |   2644 |   5 |  706.8 |
               +--------+--------+--------+--------+--------+-----+--------+

Top non-repeatable levels by time:
     D:3: 1110 daAuts
     D:2: 1035 daAuts
     D:1: 553 daAuts
     D:4: 525 daAuts
     D:5: 309 daAuts
